AoeStats
← The Crusader

Arabia

510126503Analyzed
1v1 RM · 3d ago on Sep 29, 2026· 73m 46s· 2 players
Game mode
Random Map
Map size
Tiny (2 player)
Population
200
Speed
Normal
Resources
Standard
Victory
Conquest
Starting age
Dark Age
Ending age
Imperial Age
RankedLock teamsTeams togetherTeam positionsShared explorationLock speedFull tech treeHidden civsTurbo modeCheats
Victory
Defeat
🇺🇸 Italians · United States
1742
+17
🇮🇳 Tupi · India
1756
-17
The Crusader
6:12 Loom
8:49 Feudal Age
9:18 Double-Bit Axe
12:35 Horse Collar
14:56 Fletching
22:41 Castle Age
21:19 Gold Mining
22:25 Padded Archer Armor
23:18 Bodkin Arrow
22:48 Crossbowman
25:17 Ballistics
29:15 Wheelbarrow
28:46 Town Watch
29:47 Thumb Ring
33:20 Bow Saw
33:24 Masonry
33:17 Heavy Plow
39:09 Imperial Age
38:34 Bloodlines
38:24 Husbandry
38:30 Scale Barding Armor
38:32 Light Cavalry
39:54 Bracer
41:20 Chemistry
41:09 Chain Barding Armor
41:36 Masonry
41:11 Arbalester
41:41 Hussar
43:30 Plate Barding Armor
43:21 Forging
43:28 Leather Archer Armor
44:02 Conscription
44:03 Forging
47:26 Ring Archer Armor
50:11 Iron Casting
52:55 Architecture
53:56 Elite Skirmisher
60:02 Blast Furnace
62:49 Crop Rotation
64:25 Two-Man Saw
64:22 Hoardings
64:51 Hand Cart
atom
8:47 Feudal Age
7:09 Loom
9:28 Double-Bit Axe
9:16 Champi Runner
16:20 Fletching
19:25 Padded Archer Armor
22:56 Castle Age
21:21 Horse Collar
21:33 Gold Mining
22:58 Crossbowman
23:36 Bodkin Arrow
25:58 Ballistics
25:56 Leather Archer Armor
28:23 Bow Saw
28:27 Heavy Plow
30:05 Town Watch
35:56 Wheelbarrow
39:40 Imperial Age
38:55 Stone Mining
39:41 Gold Shaft Mining
40:10 Hand Cart
39:26 Elite Skirmisher
40:24 Bracer
41:26 Chemistry
41:09 Ring Archer Armor
40:39 Arbalester
42:51 Curare
43:15 Conscription
43:33 Capped Ram
44:35 Siege Ram
48:52 Hoardings
48:39 Elite Blackwood Archer
60:16 Pikeman
60:57 Squires
60:44 Arson
61:01 Scale Mail Armor
61:12 Forging
60:46 Halberdier
62:59 Chain Mail Armor
62:50 Sappers
64:01 Iron Casting
67:37 Plate Mail Armor
Connection lost

Rejoining the realm…

Still unreachable

The connection could not be restored.

Session expired

The server has moved on; the page needs a fresh start.